 Dungeon Crawl Stone Soup version 0.32-a0-571-gec57dfcd37 (webtiles) character file.

Game seed: 18032593966367216048

102 cforsyth the Grave Robber (level 4, -10/38 HPs)
             Began as a Mountain Dwarf Necromancer on Mar 1, 2024.
             Mangled by an ogre
             ... wielding a +0 giant club
              (16 damage)
             ... on level 4 of the Dungeon.
             The game lasted 00:03:48 (2502 turns).

cforsyth the Grave Robber (MDNe)                    Turns: 2502, Time: 00:03:48

Health: -10/38     AC: 12    Str: 13    XL:     4   Next: 49%
Magic:  6/6        EV:  3    Int: 15    God:
Gold:   139        SH:  0    Dex: 10    Spells: 5/6 levels left

rFire   . . .        h - +2 dagger (flame)
rCold   . . .        (no shield)
rNeg    . . .        o - +0 plate armour
rPois   .            (no helmet)
rElec   .            f - +1 cloak
rCorr   .            (no gloves)
SInv    .            (no boots)
Will    .....        p - amulet of magic regeneration Stlth
                     L - ring of flight
HPRegen 0.26/turn    (no ring)
MPRegen 0.50/turn

%: no passive effects
@: flying
A: runic magic, artefact enchanting
a: no special abilities


You were on level 4 of the Dungeon.
You visited 1 branch of the dungeon, and saw 4 of its levels.

You collected 139 gold pieces.


Innate Abilities, Weirdness & Mutations

Your spellcasting is much less encumbered by armour.
You can use scrolls of enchantment on lesser artefacts.


   Skills:
 + Level 3.1 Fighting
 - Level 1.3 Dodging
 - Level 1.4 Stealth
 - Level 1.7 Spellcasting
 + Level 5.6 Necromancy


You had 5 spell levels left.
You knew the following spells:

 Your Spells              Type           Power      Damage    Failure   Level
X - Necrotise             Necr           72%        1d7       9%          1

Your spell library contained the following spells:

 Spells                   Type           Power      Damage    Failure   Level
 Vampiric Draining        Necr           18%        2d7       26%         3
 Animate Dead             Necr           18%        N/A       63%         4
 Curse of Agony           Necr           18%        N/A       93%         5
 Tukima's Dance           Hex            1%         N/A       94%         3
 Dimensional Bullseye     Hex/Tloc       0%         N/A       100%        4
 Iskenderun's Mystic Bla  Conj/Tloc      1%         2d3       100%        4

Inventory:

Hand Weapons
 h - a +2 dagger of flaming (weapon)
Missiles
 l - 2 throwing nets {=f}
Armour
 a - a +0 robe
 f - a +1 cloak (worn)
 g - a +0 ring mail
 o - a +0 plate armour (worn)
 q - a +0 helmet
Magical Staves
 e - a staff of conjuration {!a}
 r - a staff of fire {!a}
Jewellery
 p - an amulet of magic regeneration (around neck)
 L - a ring of flight (left hand)
Scrolls
 c - 4 scrolls of identify {unknown}
 d - a scroll of enchant weapon {unknown}
 j - a scroll of vulnerability {unknown}
 k - a scroll of immolation {unknown}
Potions
 b - a potion of magic
 i - a potion of mutation {unknown}
 m - a potion of resistance {unknown}
 n - a potion of heal wounds {unknown}

Dungeon Overview and Level Annotations

Branches:
Dungeon (4/15)
 Temple: D:4-7

Altars:

.. O.. ....
#### #....
##..#####.....
#....#@O......
##..[.........
#.............
##....##.#....
##..## ## .##
#### #


You could see an ogre.


Message History

Casting: Necrotise (safe; 9% risk of failure)
Confirm with . or Enter, or press ? or * to list all spells.
Okay, then.
There is a stone staircase leading up here.
The ogre writhes in agony.
The ogre barely resists.
You hit the ogre but do no damage.
The ogre is lightly wounded.
The ogre hits you with a +0 giant club!!
Ouch! That really hurt!
* * * LOW HITPOINT WARNING * * *
Unknown command.
Unknown command.
You hit the ogre. You burn the ogre.
The ogre is moderately wounded.
Unknown command.
Unknown command.
You aren't carrying any items that you can evoke.
Unknown command.
Okay, then.
Okay, then.
You barely miss the ogre.
The ogre is moderately wounded.
The ogre hits you with a +0 giant club.
* * * LOW HITPOINT WARNING * * *
Unknown command.
You hit the ogre. You burn the ogre.
The ogre is heavily wounded.
The ogre hits you with a +0 giant club!
You die...

Skill      XL: |  1  2  3  4 |
---------------+-------------+-----
Fighting       | 1 2 3 |  3.1
Necromancy     | 5 |  5.6
Dodging        | |  1.3
Stealth        | |  1.4
Spellcasting   | |  1.7

Action                     |  1- 3 |  4- 6 || total
---------------------------+-------+-------++-------
  Melee: Unarmed           |     4 |       ||     4
         Dagger            |     2 |     4 ||     6
   Cast: Necrotise         |    65 |    35 ||   100
 Armour: Robe              |    10 |       ||    10
         Plate armour      |     6 |    11 ||    17
         Ring mail         |     2 |       ||     2
  Dodge: Dodged            |     7 |     4 ||    11

Levels and vault maps discovered:
D:1:      sevenhm_arrival_forest_fort_small_3, layout_basic
D:2:      layout_loops_ring, minmay_misc_feat_four_crosses
D:3:      layout_rooms, minivault_25, uniq_robin
D:4:      minmay_skewed_foursquare, layout_cave_pools,
          nicolae_ru_the_path_less_chosen,
          chequers_temple_overflow_statue_of_worship

Notes
Turn   | Place    | Note
-------+----------+-------------------------------------------
     0 | D:1      | cforsyth the Mountain Dwarf Necromancer began the quest for
                  | the Orb.
     0 | D:1      | Reached XP level 1. HP: 14/14 MP: 3/3
   194 | D:1      | Reached skill level 1 in Fighting
   197 | D:1      | Reached XP level 2. HP: 6/23 MP: 0/4
  1088 | D:2      | Reached skill level 2 in Fighting
  1089 | D:2      | Reached skill level 5 in Necromancy
  1089 | D:2      | Reached XP level 3. HP: 29/29 MP: 2/5
  2199 | D:3      | Reached XP level 4. HP: 37/37 MP: 4/6
  2269 | D:3      | Noticed Robin
  2277 | D:3      | Killed Robin
  2278 | D:3      | Reached skill level 3 in Fighting
  2493 | D:4      | Noticed an ogre
  2502 | D:4      | Mangled by an ogre

Vanquished Creatures
  Robin (D:3)
  2 adders (D:3)
  3 orcs (D:3)
  5 ball pythons
  2 endoplasms (D:1)
  3 giant cockroaches
  10 goblins
  8 hobgoblins
  3 quokkas
  6 bats
  A frilled lizard (D:1)
  5 kobolds
  6 rats
55 creatures vanquished.

Vanquished Creatures (collateral kills)
  A dart slug (D:1)
  A goblin (D:3)
  2 hobgoblins
  2 rats
6 creatures vanquished.

Grand Total: 61 creatures vanquished

Table legend: (Time is in decaauts)
 A = Elapsed time spent in this place.
 B = Non-inter-level travel time spent in this place.
 C = Inter-level travel time spent in this place.
 D = Time resting spent in this place.
 E = Time spent auto-exploring this place.
 F = Levels seen in this place.
 G = Mean time per level.
                   A        B        C        D        E       F      G
               +--------+--------+--------+--------+--------+-----+--------+
         Total |   2500 |   2334 |    166 |      0 |   1979 |   4 |  625.0 |
       Dungeon |   2500 |   2334 |    166 |      0 |   1979 |   4 |  625.0 |
               +--------+--------+--------+--------+--------+-----+--------+

Top non-repeatable levels by time:
     D:1: 1085 daAuts
     D:2: 861 daAuts
     D:3: 537 daAuts
     D:4: 15 daAuts

Table legend:
 A = Non-vault XP
 B = Vault XP
 C = Vault XP percentage of total XP
 D = Non-vault monster count
 E = Vault monster count
 F = Vault count percentage of total count
                 A         B        C        D         E       F
            +---------+---------+-------+---------+---------+-------
      Total |     110 |      36 |  24.7 |      50 |      11 |  18.0
            +---------+---------+-------+---------+---------+-------
        D:1 |      39 |       0 |   0.0 |      22 |       0 |   0.0
        D:2 |      16 |       0 |   0.0 |      10 |       0 |   0.0
        D:3 |      55 |      36 |  39.6 |      18 |      11 |  37.9
            +---------+---------+-------+---------+---------+-------
